 Dungeon Crawl Stone Soup version 0.18.1-48-g4cf74bf (webtiles) character file.

556 Heedrag the Cleaver (level 7, -3/58 HPs)
             Began as a Minotaur Fighter on Aug 19, 2016.
             Killed by divine providence
             ... invoked by an orc priest
              (16 damage)
             ... on level 4 of the Dungeon.
             The game lasted 00:06:32 (2970 turns).

Heedrag the Cleaver (Minotaur Fighter)              Turns: 2970, Time: 00:06:33

Health: -3/58      AC: 10    Str: 23    XL:     7   Next: 8%
Magic:  6/6        EV:  8    Int:  5    God:
Gold:   85         SH:  9    Dex:  9    Spells: 0 memorised, 6 levels left

rFire  . . .     SeeInvis .     a - +0 war axe
rCold  . . .     Gourm    .     b - +0 scale mail
rNeg   . . .     Faith    .     c - +0 shield
rPois  .         Spirit   .     (helmet restricted)
rElec  .         Dismiss  .     (no cloak)
rCorr  .         Reflect  .     (no gloves)
SustAt .         Harm     .     w - +0 pair of boots
MR     .....                    (no amulet)
Stlth  ..........               (no ring)
                                p - +2 ring of protection

@: not resistant to hostile enchantments, extremely unstealthy
A: retaliatory headbutt, horns 2
a: no special abilities


You were on level 4 of the Dungeon.
You were not hungry.

You visited 1 branch of the dungeon, and saw 5 of its levels.

You collected 85 gold pieces.

Inventory:

Hand Weapons
 a - a +0 war axe (weapon)
Armour
 b - a +0 scale mail (worn)
 c - a +0 shield (worn)
 w - a +0 pair of boots (worn)
Jewellery
 p - a +2 ring of protection (left hand)
Scrolls
 e - a scroll of fear {unknown}
 g - a scroll of enchant weapon {unknown}
 h - 5 scrolls of identify {unknown}
 i - 2 scrolls of magic mapping {unknown}
 j - a scroll of immolation {unknown}
 l - 3 scrolls of fog {unknown}
 o - 2 scrolls of recharging {unknown}
 s - a scroll of teleportation {unknown}
 u - a scroll of blinking {unknown}
 v - a scroll of remove curse {unknown}
Potions
 d - 2 potions of might
 m - a potion of curing {unknown}
 n - 3 potions of heal wounds {unknown}
 t - a potion of ambrosia {unknown}
Comestibles
 f - 7 bread rations
 k - 5 meat rations
 q - 4 fruits
 r - 2 beef jerkies


   Skills:
 + Level 3.7 Fighting
 * Level 8.8 Axes
 + Level 4.1 Armour
 + Level 1.3 Dodging
 + Level 3.8 Shields


You had 6 spell levels left.
You didn't know any spells.

Dungeon Overview and Level Annotations

Branches:
Dungeon (5/15)
 Temple: D:4-7

Altars:
Fedhas
Trog
Xom
The Shining One

Annotations:
D:5 Xelenos's ghost, amateur MiFi


Innate Abilities, Weirdness & Mutations

You reflexively headbutt those who attack you in melee.
You have a pair of horns on your head.


Message History

* * * LOW HITPOINT WARNIN'
* * * Tha orc hits ye but does nay damage.
Ye completely miss tha orc priest.
Ye headbutt tha orc priest.
Tha orc priest be heavily wounded.
Tha orc priest closely misses ye.
Tha orc hits ye from afar wit' a trident.
* * * LOW HITPOINT WARNIN'
* * * A killer bee zombie comes inta view.
Ye closely miss tha orc priest.
Ye headbutt tha orc priest!
Ye kill tha orc priest!
Tha orc barely misses ye.
Ye block tha orc priest's attack.
Ye barely miss tha orc priest.
Ye block tha orc's attack.
Tha orc priest barely misses ye.
Tha killer bee zombie barely misses ye.
Ye slash tha killer bee zombie!
Tha killer bee zombie hits ye but does nay damage.
Tha orc hits ye but does nay damage.
Tha killer bee zombie barely misses ye.
Tha orc priest invokes tha aid o' Beogh against ye.
Beogh smites ye!
Ye die...

.> .. .. .# . . .. .#.
. ... #.#.# #.
#.#.###.... #.ooo......
#Z# #.# #@# #.# #####.#
#.# ##.....## #.#
#......(# #.# #..####.#
# #.#######..>....# .#
###.#.........<#..##..#
......#...............#
..#)..#.###.##......#.#


You could see an orc priest, 2 orcs and a killer bee zombie.

Vanquished Creatures
  The ghost of daning the Charmwright, an amateur HESk (D:4)
  The ghost of daning the Charmwright, an amateur HESk (D:3)
  4 orc priests
  7 gnolls
  4 adders
  An ooze (D:3)
  5 worms
  A dart slug (D:1)
  A giant gecko (D:1)
  8 orcs
  6 giant cockroaches
  9 hobgoblins
  3 jackals (D:3)
  5 bats
  9 giant newts
  7 goblins
  3 kobolds
  7 rats
82 creatures vanquished.

Notes
Turn   | Place    | Note
--------------------------------------------------------------
     0 | D:1      | Heedrag the Minotaur Fighter began the quest for the Orb.
     0 | D:1      | Reached XP level 1. HP: 19/19 MP: 0/0
    87 | D:1      | Reached skill level 3 in Axes
    99 | D:1      | Reached XP level 2. HP: 25/26 MP: 1/1
   536 | D:1      | Reached skill level 4 in Axes
   711 | D:2      | Reached XP level 3. HP: 21/31 MP: 2/2
   972 | D:2      | Reached skill level 5 in Axes
  1091 | D:2      | Reached XP level 4. HP: 37/39 MP: 3/3
  1393 | D:2      | Found a shimmering altar of Xom.
  1433 | D:2      | Found a glowing golden altar of the Shining One.
  1582 | D:3      | Noticed daning's ghost (amateur HESk)
  1633 | D:4      | Reached skill level 6 in Axes
  1638 | D:4      | Reached XP level 5. HP: 10/45 MP: 4/4
  1723 | D:4      | Noticed daning's ghost (amateur HESk)
  1757 | D:5      | Entered Level 5 of the Dungeon
  1788 | D:5      | Noticed Xelenos's ghost (amateur MiFi)
  1803 | D:3      | Killed daning's ghost
  1803 | D:3      | Reached skill level 7 in Axes
  1803 | D:3      | Reached XP level 6. HP: 31/51 MP: 5/5
  1811 | D:4      | Killed daning's ghost
  1811 | D:4      | Reached skill level 8 in Axes
  2105 | D:3      | Found a bloodstained altar of Trog.
  2191 | D:3      | Found a blossoming altar of Fedhas.
  2370 | D:3      | Reached skill level 1 in Dodging
  2372 | D:3      | Reached XP level 7. HP: 48/58 MP: 6/6
  2970 | D:4      | Killed from afar by an orc priest

Skill      XL: |  1  2  3  4  5  6  7 |
---------------+----------------------+-----
Axes           | 3 4 5 6 7 8 |  8.8
Dodging        | 1 |  1.3
Armour         | 4 |  4.1
Fighting       | |  3.7
Shields        | |  3.8

Action                   |  1- 3 |  4- 6 |  7- 9 || total
-------------------------+-------+-------+-------++-------
Melee: War axe           |    67 |   120 |    16 ||   203
       Headbutt          |     9 |    18 |     3 ||    30
  Use: Potion            |       |     1 |       ||     1
  Eat: Chunk             |     1 |     4 |     2 ||     7
Armor: Scale mail        |    36 |    44 |     5 ||    85
Dodge: Dodged            |    26 |    39 |     7 ||    72
Block: Shield            |    26 |    55 |     7 ||    88
